3A
ALAMEDA AIRMEN @ MT. VERNON BULLS
07/28/2032
 
TOP OF THE 1ST
Alameda Airmen batting - Pitching for Mt. Vernon Bulls : RHP Liam Sorrell
Pitching: RHP Liam Sorrell
Batting: RHB Juan Alcocer 0-0: Ball
1-0: Swinging Strike
1-1: Foul Ball, location: 2F
1-2: Ball
2-2: Fly out, F8 (Flyball, 8LXD)
Batting: LHB Gustavo Deleón 0-0: Ball
1-0: Foul Ball, location: 2F
1-1: Swinging Strike
1-2: Foul Ball, location: 2F
1-2: Ball
2-2: Ball
3-2: Foul Ball, location: 2F
3-2: Foul Ball, location: 2F
3-2: Foul Ball, location: 2F
3-2: Strikes out swinging
Batting: RHB Mike Capes 0-0: Fly out, F7 (Flyball, 78M)
Top of the 1st over - 0 runs, 0 hits, 0 errors, 0 left on base; Alameda 0 - Mt. Vernon 0
BOTTOM OF THE 1ST
Mt. Vernon Bulls batting - Pitching for Alameda Airmen : RHP Henry Mitchell
Pitching: RHP Henry Mitchell
Batting: LHB Sidney Dollarhide 0-0: Called Strike
0-1: Swinging Strike
0-2: Ball
1-2: Foul Ball, location: 2F
1-2: Ball
2-2: Strikes out swinging
Batting: RHB Mike Howard 0-0: Called Strike
0-1: Foul Ball, location: 2F
0-2: Ball
1-2: Foul Ball, location: 2F
1-2: Foul Ball, location: 2F
1-2: Ball
2-2: Ball
3-2: Base on Balls
Batting: RHB Angeddy Almanzar 0-0: Called Strike
0-1: Ball
1-1: Ball
2-1: Ground out 6-3 (Groundball, 6S)
Mike Howard to second
Batting: LHB Rich Watkins 0-0: Ball
1-0: Called Strike
1-1: Ball
Passed Ball!
Mike Howard to third
2-1: Swinging Strike
2-2: Ball
3-2: Foul Ball, location: 2F
3-2: Strikes out swinging
Bottom of the 1st over - 0 runs, 0 hits, 0 errors, 1 left on base; Alameda 0 - Mt. Vernon 0
TOP OF THE 2ND
Alameda Airmen batting - Pitching for Mt. Vernon Bulls : RHP Liam Sorrell
Batting: RHB Hildo Oerlemans 0-0: Ball
1-0: Ball
2-0: SINGLE (Groundball, 34D)
Batting: RHB Vonne Navarrete 0-0: Hit by Pitch
Hildo Oerlemans to second
Batting: RHB Gang Jing 0-0: Ball
1-0: Ball
2-0: Foul Ball, location: 2F
2-1: Called Strike
2-2: Fly out, F9 (Flyball, 89M)
Batting: RHB Lee Scrooby 0-0: Foul Ball, location: 2F
0-1: Swinging Strike
0-2: Ball
1-2: Strikes out swinging
Batting: RHB Caleb Ogle 0-0: Ball
1-0: Ball
2-0: Called Strike
2-1: Ground out 3-1 (Groundball, 34)
Top of the 2nd over - 0 runs, 1 hit, 0 errors, 2 left on base; Alameda 0 - Mt. Vernon 0
BOTTOM OF THE 2ND
Mt. Vernon Bulls batting - Pitching for Alameda Airmen : RHP Henry Mitchell
Batting: RHB José Salinas 0-0: Called Strike
0-1: Ball
1-1: Ball
2-1: SINGLE (Flyball, 78M)
Batting: RHB Jesse Francis 0-0: Fly out, F9 (Flyball, 9LS)
Batting: RHB Tyler Utterback 0-0: Called Strike
0-1: Called Strike
0-2: Ball
1-2: Strikes out swinging
Batting: RHB Ramón Robles 0-0: Ball
1-0: Called Strike
1-1: Ball
2-1: Called Strike
2-2: Ball
3-2: DOUBLE (Line Drive, 7LD)
José Salinas to third
José Salinas scores
Batting: SHB Zak Martin 0-0: Ball
1-0: Reached on error, E3 (Groundball, 34S)
Ramón Robles scores
Batting: LHB Sidney Dollarhide 0-0: Called Strike
0-1: Called Strike
0-2: Ball
1-2: Ball
2-2: Ball
3-2: Ground out 4-3 (Groundball, 4)
Bottom of the 2nd over - 2 runs, 2 hits, 1 error, 1 left on base; Alameda 0 - Mt. Vernon 2
TOP OF THE 3RD
Alameda Airmen batting - Pitching for Mt. Vernon Bulls : RHP Liam Sorrell
Batting: RHB Víctor Marrero 0-0: Swinging Strike
0-1: Ball
1-1: Foul Ball, location: 2F
1-2: Strikes out swinging
Batting: RHB Juan Alcocer 0-0: Swinging Strike
0-1: Ball
1-1: Foul Ball, location: 2F
1-2: SINGLE (Line Drive, 56D)
Batting: LHB Gustavo Deleón 0-0: Called Strike
0-1: SINGLE (Groundball, 6D)
Juan Alcocer to second
Batting: RHB Mike Capes 0-0: Swinging Strike
0-1: Fly out, F7 (Line Drive, 7)
Batting: RHB Hildo Oerlemans 0-0: Fly out, F9 (Flyball, 89S)
Top of the 3rd over - 0 runs, 2 hits, 0 errors, 2 left on base; Alameda 0 - Mt. Vernon 2
BOTTOM OF THE 3RD
Mt. Vernon Bulls batting - Pitching for Alameda Airmen : RHP Henry Mitchell
Batting: RHB Mike Howard 0-0: Ball
1-0: Fly out, F8 (Line Drive, 8LM)
Batting: RHB Angeddy Almanzar 0-0: Called Strike
0-1: Ground out 5-3 (Groundball, 5)
Batting: LHB Rich Watkins 0-0: Ball
1-0: Ball
2-0: Ball
3-0: Base on Balls
Batting: RHB José Salinas 0-0: Called Strike
0-1: Swinging Strike
0-2: Ball
1-2: Ball
2-2: Ball
3-2: Foul Ball, location: 2F
3-2: Base on Balls
Rich Watkins to second
Batting: RHB Jesse Francis 0-0: Ball
1-0: Ball
2-0: Swinging Strike
2-1: Ball
3-1: Base on Balls
Rich Watkins to third
José Salinas to second
Batting: RHB Tyler Utterback 0-0: Ball
1-0: Ball
2-0: SINGLE (Line Drive, 3)
Rich Watkins scores
José Salinas to third
Jesse Francis to second
Runner from 3rd tries for Home, SAFE, no throw
Batting: RHB Ramón Robles 0-0: Called Strike
0-1: Fly out, F9 (Flyball, 89D)
Bottom of the 3rd over - 2 runs, 1 hit, 0 errors, 2 left on base; Alameda 0 - Mt. Vernon 4
TOP OF THE 4TH
Alameda Airmen batting - Pitching for Mt. Vernon Bulls : RHP Liam Sorrell
Batting: RHB Vonne Navarrete 0-0: Called Strike
0-1: Ground out 6-3 (Groundball, 6)
Batting: RHB Gang Jing 0-0: Ball
1-0: Called Strike
1-1: Ground out 5-3 (Groundball, 56)
Batting: RHB Lee Scrooby 0-0: Fly out, F8 (Line Drive, 8LD)
Top of the 4th over - 0 runs, 0 hits, 0 errors, 0 left on base; Alameda 0 - Mt. Vernon 4
BOTTOM OF THE 4TH
Mt. Vernon Bulls batting - Pitching for Alameda Airmen : RHP Henry Mitchell
Batting: SHB Zak Martin 0-0: Ball
1-0: Called Strike
1-1: Called Strike
1-2: Ball
2-2: Strikes out swinging
Batting: LHB Sidney Dollarhide 0-0: Called Strike
0-1: Foul Ball, location: 2F
0-2: Ground out 3-1 (Groundball, 34S)
Batting: RHB Mike Howard 0-0: Ball
1-0: Called Strike
1-1: Foul Ball, location: 2F
1-2: Ball
2-2: Ball
3-2: Base on Balls
Batting: RHB Angeddy Almanzar 0-0: Called Strike
0-1: Swinging Strike
0-2: Ball
1-2: Ball
2-2: Strikes out swinging
Bottom of the 4th over - 0 runs, 0 hits, 0 errors, 1 left on base; Alameda 0 - Mt. Vernon 4
TOP OF THE 5TH
Alameda Airmen batting - Pitching for Mt. Vernon Bulls : RHP Liam Sorrell
Batting: RHB Caleb Ogle 0-0: Foul Ball, location: 2F
0-1: Foul Ball, location: 2F
0-2: Fly out, F9 (Flyball, 9D)
Batting: RHB Víctor Marrero 0-0: Ball
1-0: SINGLE (Groundball, 6MD)
Batting: RHB Juan Alcocer 0-0: Ball
1-0: Fly out, F7 (Flyball, 7D)
Batting: LHB Gustavo Deleón 0-0: Hit by Pitch
Víctor Marrero to second
Batting: RHB Mike Capes 0-0: Ball
1-0: Foul Ball, location: 2F
1-1: Ball
2-1: Foul Ball, location: 2F
2-2: Ground out 4-3 (Groundball, 34)
Top of the 5th over - 0 runs, 1 hit, 0 errors, 2 left on base; Alameda 0 - Mt. Vernon 4
BOTTOM OF THE 5TH
Mt. Vernon Bulls batting - Pitching for Alameda Airmen : RHP Henry Mitchell
Pitching: RHP Jeremy Hinkle
Batting: LHB Rich Watkins 0-0: Ball
1-0: Foul Ball, location: 2F
1-1: Ground out 5-3 (Groundball, 56)
Batting: RHB José Salinas 0-0: Ball
1-0: Called Strike
1-1: Ball
2-1: Ground out 6-3 (Groundball, 6M)
Batting: RHB Jesse Francis 0-0: Ball
1-0: Ground out 4-3 (Groundball, 34)
Bottom of the 5th over - 0 runs, 0 hits, 0 errors, 0 left on base; Alameda 0 - Mt. Vernon 4
TOP OF THE 6TH
Alameda Airmen batting - Pitching for Mt. Vernon Bulls : RHP Liam Sorrell
Batting: RHB Hildo Oerlemans 0-0: Ground out 4-3 (Groundball, 4)
Batting: RHB Vonne Navarrete 0-0: Ball
1-0: Swinging Strike
1-1: Swinging Strike
1-2: Ball
2-2: Strikes out swinging
Batting: RHB Gang Jing 0-0: Foul Ball, location: 2F
0-1: Ball
1-1: Ball
2-1: Foul Ball, location: 2F
2-2: Foul Ball, location: 2F
2-2: Ground out 4-3 (Groundball, 4M)
Top of the 6th over - 0 runs, 0 hits, 0 errors, 0 left on base; Alameda 0 - Mt. Vernon 4
BOTTOM OF THE 6TH
Mt. Vernon Bulls batting - Pitching for Alameda Airmen : RHP Jeremy Hinkle
Batting: RHB Tyler Utterback 0-0: Swinging Strike
0-1: Ball
1-1: Foul Ball, location: 2F
1-2: Ball
2-2: Strikes out looking
Batting: RHB Ramón Robles 0-0: Ball
1-0: Called Strike
1-1: Foul Ball, location: 2F
1-2: Foul Ball, location: 2F
1-2: Ball
2-2: Strikes out swinging
Batting: SHB Zak Martin 0-0: Ball
1-0: Ball
2-0: Called Strike
2-1: Ball
3-1: Called Strike
3-2: Base on Balls
Batting: LHB Sidney Dollarhide 0-0: Foul Ball, location: 2F
0-1: SINGLE (Groundball, 34S) (infield hit)
Zak Martin to second
Batting: RHB Mike Howard 0-0: Ball
1-0: Called Strike
1-1: Called Strike
1-2: Ball
2-2: Strikes out swinging
Bottom of the 6th over - 0 runs, 1 hit, 0 errors, 2 left on base; Alameda 0 - Mt. Vernon 4
TOP OF THE 7TH
Alameda Airmen batting - Pitching for Mt. Vernon Bulls : RHP Liam Sorrell
Batting: RHB Lee Scrooby 0-0: Swinging Strike
0-1: Ball
1-1: Called Strike
1-2: Ball
2-2: Foul Ball, location: 2F
2-2: Foul Ball, location: 2F
2-2: Foul Ball, location: 2F
2-2: Ground out 3-1 (Groundball, 34)
Batting: RHB Caleb Ogle 0-0: Called Strike
0-1: Called Strike
0-2: Strikes out swinging
Batting: RHB Víctor Marrero 0-0: Swinging Strike
0-1: Swinging Strike
0-2: Strikes out swinging
Top of the 7th over - 0 runs, 0 hits, 0 errors, 0 left on base; Alameda 0 - Mt. Vernon 4
BOTTOM OF THE 7TH
Mt. Vernon Bulls batting - Pitching for Alameda Airmen : RHP Jeremy Hinkle
Batting: RHB Angeddy Almanzar 0-0: Swinging Strike
0-1: SOLO HOME RUN (Flyball, 7LD), Distance : 360 ft
Batting: LHB Rich Watkins 0-0: Ball
1-0: Ball
2-0: Called Strike
2-1: Swinging Strike
2-2: Strikes out swinging, 2-3 out at first.
Batting: RHB José Salinas 0-0: Ball
1-0: Ball
2-0: Ball
3-0: Base on Balls
Batting: RHB Jesse Francis 0-0: Ball
1-0: Fly out, F5 (Popup, 5SF)
Batting: RHB Tyler Utterback Pickoff Throw to First - Out!
Bottom of the 7th over - 1 run, 1 hit, 0 errors, 0 left on base; Alameda 0 - Mt. Vernon 5
TOP OF THE 8TH
Alameda Airmen batting - Pitching for Mt. Vernon Bulls : RHP Liam Sorrell
Now at 1B: Tom Chagolla
Batting: RHB Juan Alcocer 0-0: Called Strike
0-1: Ball
1-1: Ground out 4-3 (Groundball, 4MS)
Batting: LHB Gustavo Deleón 0-0: Fly out, F5 (Flyball, 5D)
Batting: RHB Mike Capes 0-0: Ball
1-0: Fly out, F8 (Flyball, 8RXD)
Top of the 8th over - 0 runs, 0 hits, 0 errors, 0 left on base; Alameda 0 - Mt. Vernon 5
BOTTOM OF THE 8TH
Mt. Vernon Bulls batting - Pitching for Alameda Airmen : RHP Jeremy Hinkle
Batting: RHB Tyler Utterback 0-0: Ball
1-0: Ground out 5-3 (Groundball, 56D)
Batting: RHB Ramón Robles 0-0: Ball
1-0: Foul Ball, location: 2F
1-1: Ball
2-1: Foul Ball, location: 2F
2-2: Ground out 1-3 (Groundball, 13S)
Batting: SHB Zak Martin 0-0: Fly out, F8 (Flyball, 8RD)
Bottom of the 8th over - 0 runs, 0 hits, 0 errors, 0 left on base; Alameda 0 - Mt. Vernon 5
TOP OF THE 9TH
Alameda Airmen batting - Pitching for Mt. Vernon Bulls : RHP Liam Sorrell
Batting: RHB Hildo Oerlemans 0-0: Foul Ball, location: 2F
0-1: Swinging Strike
0-2: Strikes out looking
Batting: RHB Vonne Navarrete 0-0: SINGLE (Groundball, 56) (infield hit)
Batting: RHB Gang Jing 0-0: Ball
1-0: Ball
2-0: Ball
3-0: Called Strike
3-1: Fly out, F4 (Popup, 4)
Batting: RHB Lee Scrooby 0-0: Fielders Choice at 2nd, 6-4 (Groundball, 6)
Top of the 9th over - 0 runs, 1 hit, 0 errors, 1 left on base; Alameda 0 - Mt. Vernon 5
Wednesday, September 19th, 2018 - OOTP Baseball 18.8 Build 76